 Dungeon Crawl Stone Soup version 0.31-a0-459-gc8a9bf3d51 (webtiles) character file.

Game seed: 17485289355037392560

175 Ethylacetat the Trooper (level 5, -6/30 HPs)
             Began as a Vine Stalker Monk on Aug 4, 2023.
             Mangled by a sleepcap (12 damage)
             ... on level 3 of the Dungeon.
             The game lasted 00:03:31 (1958 turns).

Ethylacetat the Trooper (Vine Stalker Monk)         Turns: 1958, Time: 00:03:31

Health: -6/30      AC:  2    Str: 14    XL:     5   Next: 55%
Magic:  0/11       EV:  2    Int: 10    God:
Gold:   135        SH:  0    Dex: 18    Spells: 10/10 levels left

rFire   . .          .
                       - Unarmed
rCold   . . .        c - orb {light}
rNeg    . . .        a - +0 robe
rPois   .            (no helmet)
rElec   .            (no cloak)
rCorr   .            (no gloves)
SInv    .            (no boots)
Will    .....        (no amulet)
Stlth   +            (no ring)
HPRegen 1.05/turn    (no ring)
MPRegen 0.12/turn

%: guardian spirit
@: sleeping, glowing
A: fangs 2, regeneration 1, magic shield, antimagic bite, no potion heal 2
a: no special abilities


You were on level 3 of the Dungeon.
You visited 1 branch of the dungeon, and saw 3 of its levels.

You collected 135 gold pieces.

Inventory:

Missiles
 o - 2 throwing nets
Armour
 a - a +0 robe (worn)
 c - an orb of light (worn)
Jewellery
 g - a ring of positive energy
Wands
 n - a wand of polymorph (10)
Scrolls
 e - 2 scrolls of teleportation {unknown}
 f - 2 scrolls of poison {unknown}
 h - a scroll of enchant weapon {unknown}
 j - 2 scrolls of identify {unknown}
 l - a scroll of fear {unknown}
Potions
 b - a potion of ambrosia
 d - 2 potions of lignification {unknown}
 i - a potion of enlightenment {unknown}
 k - a potion of berserk rage {unknown}
 m - a potion of might {unknown}
 p - a potion of heal wounds {unknown}
 q - a potion of brilliance {unknown}


   Skills:
 + Level 4.3 Fighting
 - Level 2.4 Dodging
 - Level 3.0 Unarmed Combat
 + Level 3.4 Spellcasting


You had 10 spell levels left.
You didn't know any spells.
Your spell library contained the following spells:

 Spells                   Type           Power      Damage    Failure   Level
 Summon Small Mammal      Summ           4%         N/A       26%         1
 Call Canine Familiar     Summ           1%         N/A       63%         3
 Summon Guardian Golem    Hex/Summ       1%         N/A       63%         3


Dungeon Overview and Level Annotations

Branches:
Dungeon (3/15)

Altars:
Dithmenos
Nemelex Xobeh
The Shining One


Innate Abilities, Weirdness & Mutations

You have extremely sharp teeth.
Your natural rate of healing is unusually fast.
When hurt, damage is shared between your health and your magic reserves.
Your bite disrupts and absorbs the magic of your enemies.
Potions cannot restore your health.


Message History

* * * LOW HITPOINT WARNING * * *
You hit the sleepcap but do no damage. The sleepcap completely misses you.
The sleepcap attacks as you move away! The sleepcap completely misses you.
You hit the sleepcap.
You bite the sleepcap, but do no damage.
The sleepcap is lightly damaged.
The sleepcap releases spores at you!
* * * LOW HITPOINT WARNING * * *
You completely miss the sleepcap.
You bite the sleepcap, but do no damage.
The sleepcap is lightly damaged.
The sleepcap releases spores at you but does no damage.
You hit the sleepcap but do no damage.
The sleepcap is lightly damaged.
The sleepcap barely misses you.
You hit the sleepcap but do no damage.
You bite the sleepcap, but do no damage.
The sleepcap is lightly damaged.
The sleepcap releases spores at you.
* * * LOW HITPOINT WARNING * * *
You hit the sleepcap but do no damage. You bite the sleepcap.
You drain its power.
You feel invigorated.
The sleepcap is lightly damaged.
The sleepcap releases spores at you.
* * * LOW HITPOINT WARNING * * *
You hit the sleepcap.
The sleepcap is lightly damaged.
The sleepcap barely misses you.
You hit the sleepcap. You bite the sleepcap. You drain its power.
You feel invigorated.
The sleepcap is heavily damaged.
You hit the sleepcap.
You bite the sleepcap, but do no damage.
The sleepcap is heavily damaged.
The sleepcap releases spores at you!
* * * LOW HITPOINT WARNING * * *
You are engulfed in a cloud of soporific spores!
You fall asleep.
The sleepcap releases spores at you!
You die...

#.#....# #.#....#
#.#....# ##'#....#
#.......## #........#
############ #..........
........... #....##.###
##......#
.....##.######..@....#
..........#......f...#
.#......#...#.....<......
.#......#.#.#........#...
.#......#...#..#.#.......
..........#.#..#.#.#.#...
..........#.#..#.#.#.# ..
.#..#...#.#.#.[#.#.# # .
.#..#...#.#....#.#.#


You could see a sleepcap.

Vanquished Creatures
  Ijyb (D:3)
  An orc wizard (D:3)
  4 gnolls (D:3)
  5 adders
  A worm (D:3)
  3 dart slugs
  2 orcs (D:3)
  2 endoplasms (D:1)
  2 giant cockroaches
  2 goblins (D:2)
  2 hobgoblins
  2 quokkas (D:3)
  4 ball pythons
  A bat (D:1)
  A frilled lizard (D:2)
  5 rats
38 creatures vanquished.

Notes
Turn   | Place    | Note
-------+----------+-------------------------------------------
     0 | D:1      | Ethylacetat the Vine Stalker Monk began the quest for the
                  | Orb.
     0 | D:1      | Reached XP level 1. HP: 11/11 MP: 2/2
   171 | D:1      | Reached skill level 1 in Spellcasting
   171 | D:1      | Reached XP level 2. HP: 15/16 MP: 4/4
   248 | D:1      | Reached skill level 3 in Fighting
   602 | D:2      | Reached XP level 3. HP: 15/20 MP: 4/6
  1169 | D:2      | You fall into a shaft and drop 1 floor!
  1427 | D:3      | Noticed Ijyb
  1457 | D:3      | Killed Ijyb
  1458 | D:3      | Gained mutation: Your natural rate of healing is unusually
                  | fast. [Vine Stalker growth]
  1458 | D:3      | Reached XP level 4. HP: 20/25 MP: 6/8
  1643 | D:3      | Found a sparkling altar of Nemelex Xobeh.
  1737 | D:3      | Reached skill level 4 in Fighting
  1741 | D:3      | Reached XP level 5. HP: 25/29 MP: 10/10
  1796 | D:3      | Found a shadowy altar of Dithmenos.
  1879 | D:3      | Found a faded altar of an unknown god.
  1913 | D:3      | Prayed at the altar of an unknown god.
  1913 | D:3      | Became a worshipper of the Shining One
  1913 | D:3      | Reached * piety under the Shining One
  1913 | D:3      | Reached ** piety under the Shining One
  1914 | D:3      | Fell from the grace of the Shining One
  1958 | D:3      | Mangled by a sleepcap

Illustrated notes

Levels and vault maps discovered:
D:1:      dpeg_arrival_tiny_j, layout_loops_ring
D:2:      layout_basic, hangedman_decor_clover_reticule
D:3:      kb_forest_paths, layout_basic, mainiacjoe_overflow_surrounded_room,
          mainiacjoe_overflow_boulevard, hellmonk_ecumenical_altar_lost_god,
          uniq_ijyb

Skill      XL: |  1  2  3  4 |
---------------+-------------+-----
Spellcasting   | 1 2 3 |  3.4
Fighting       | 3 4 |  4.3
Dodging        | |  2.4
Unarmed Combat | |  3.0

Action                     |  1- 3 |  4- 6 || total
---------------------------+-------+-------++-------
  Melee: Unarmed           |    92 |    79 ||   171
         Bite              |    21 |    34 ||    55
 Invoke: Renounce Religion |       |     1 ||     1
 Armour: Robe              |     5 |    12 ||    17
         Skin              |     8 |       ||     8
  Dodge: Dodged            |    59 |    73 ||   132

Table legend: (Time is in decaauts)
 A = Elapsed time spent in this place.
 B = Non-inter-level travel time spent in this place.
 C = Inter-level travel time spent in this place.
 D = Time resting spent in this place.
 E = Time spent auto-exploring this place.
 F = Levels seen in this place.
 G = Mean time per level.
                   A        B        C        D        E       F      G
               +--------+--------+--------+--------+--------+-----+--------+
         Total |   1948 |   1885 |     63 |      0 |   1531 |   3 |  649.3 |
       Dungeon |   1948 |   1885 |     63 |      0 |   1531 |   3 |  649.3 |
               +--------+--------+--------+--------+--------+-----+--------+

Top non-repeatable levels by time:
     D:2: 830 daAuts
     D:1: 587 daAuts
     D:3: 530 daAuts
